 Dungeon Crawl Stone Soup version 0.31-a0-640-g39d97e502b (webtiles) character file.

Game seed: 10543069747046235312

3134 qw the Skirmisher (level 9, -5/59 HPs)
             Began as a Gargoyle Hunter on Aug 27, 2023.
             Was a Follower of Okawaru.
             Slain by Jeremiah
             ... wielding a +2 trident of draining
              (11 damage)
             ... on level 7 of the Dungeon.
             The game lasted 00:03:03 (6736 turns).

qw the Skirmisher (Gargoyle Hunter)                 Turns: 6736, Time: 00:03:04

Health: -5/59      AC: 14    Str: 14    XL:     9   Next: 92%
Magic:  10/12      EV: 16    Int: 11    God:    Okawaru [*.....]
Gold:   157        SH:  0    Dex: 17    Spells: 8/8 levels left

rFire   + . .        Y - +0 orcbow (elec)
rCold   . . .        (shield currently unavailable)
rNeg    + . .        i - +2 robe {rF+}
rPois   inf          (no helmet)
rElec   +            (no cloak)
rCorr   +            (no gloves)
SInv    .            p - +2 pair of boots
Will    .....        (no amulet)
Stlth   +++          e - ring of resist corrosion
HPRegen 0.29/turn    (no ring)
MPRegen 0.13/turn

%: no passive effects
@: about to teleport, heroic
A: sickness immunity, AC +6, negative energy resistance 1, electricity
resistance, torment resistance 1, petrification resistance
a: Renounce Religion, Heroism


You were on level 7 of the Dungeon.
You worshipped Okawaru.
Okawaru was aware of your devotion.
You visited 1 branch of the dungeon, and saw 7 of its levels.

You collected 472 gold pieces.
You spent 315 gold pieces at shops.


Innate Abilities, Weirdness & Mutations

You are immune to sickness and miasma.
Your stone body is resilient. (AC +6)
You are immune to poison.
You resist negative energy. (rN+)
You are resistant to electric shocks. (rElec)
You are resistant to unholy torment.
You are immune to petrification.


   Skills:
 - Level 8.0(13.0) Fighting
 + Level 11.0(16.0) Ranged Weapons
 - Level 1.8(6.8) Armour
 - Level 3.0(8.0) Dodging
 - Level 1.1(6.1) Stealth
 - Level 4.0 Invocations


You had 8 spell levels left.
You didn't know any spells.
Your spell library was empty.

Inventory:

Hand Weapons
 Y - a +0 orcbow of electrocution (weapon)
Armour
 i - a +2 robe of fire resistance (worn)
 p - a +2 pair of boots (worn)
Jewellery
 e - a ring of resist corrosion (left hand)
Wands
 q - a wand of digging (2)
Scrolls
 b - 3 scrolls of teleportation
 c - 2 scrolls of identify
Potions
 d - 3 potions of curing
 h - a potion of resistance
 j - a potion of magic

Dungeon Overview and Level Annotations

Branches:
Dungeon (7/15)             Temple (0/1) D:5

Altars:
Cheibriados
Kikubaaqudgha
Makhleb
Okawaru
Qazlal
Ru
Sif Muna
Trog
Uskayaw
Wu Jian
Xom
The Shining One

Shops:
D:6 ?[(

Annotations:
D:1 2 transporters
D:4 1 runed translucent door, Crazy Yiuf
D:7 Jeremiah


Message History

6706 ||| FLEEEEING.
6707 ||| FLEEEEING.
6708 ||| FLEEEEING.
6709 ||| FLEEEEING.
6710 ||| STILL FLEEEEING.
6711 ||| STILL FLEEEEING.
6712 ||| STILL FLEEEEING.
6713 ||| STILL FLEEEEING.
6714 ||| STILL FLEEEEING.
6715 ||| STILL FLEEEEING.
6716 ||| STILL FLEEEEING.
6717 ||| STILL FLEEEEING.
6718 ||| STILL FLEEEEING.
You start resting.
Jeremiah is nearby!
You shoot an arrow. The arrow hits Jeremiah.
Jeremiah is lightly wounded.
You shoot an arrow. The arrow completely misses Jeremiah.
Jeremiah hits you but does no damage. Jeremiah barely misses you.
Jeremiah shouts, "O dreadful one, destroy my foe!"
Something smites you!
6731 ||| INVOKING Heroism.
You gain the combat prowess of a mighty hero.
Jeremiah hits you from afar with a +2 trident of draining!
Jeremiah's eyes close briefly, then snap open.
Jeremiah hits you from afar with a +2 trident of draining.
Jeremiah closely misses you.
You shoot an arrow. The arrow hits Jeremiah.
Jeremiah is moderately wounded.
Jeremiah shouts, "O dreadful one, destroy my foe!"
Something smites you!
6735 ||| READING 4 scrolls of teleportation.
As you read the scroll of teleportation, it crumbles to dust.
You feel strangely unstable. Jeremiah barely misses you.
The butterfly disappears in a burst of colours!
Jeremiah hits you from afar with a +2 trident of draining!
You die...
Jeremiah says, "O terrible one, your will is done."

###.###b# #.# # [b# #.#
###################.#
#...............##.# #####
#.#####...bb.b.....#
....###.#####.#bbbb.#.####
..............>bbF..#.#
..#.###.##.....#b####.#
#.#...#.##.###.#@# #.#
#.###.#.#...##.#.####.#
)...#.#.....##.#....#.#
#.#.#.###.#.##.####.#.#
#.#...# #...........#.#
#.#######...........#.#
#...................#.#
##########.........##.#
#.....................#


You could see Jeremiah.

Vanquished Creatures
  Pikel (D:5)
  Prince Ribbit (D:5)
  Grinder (D:3)
  Sigmund (D:3)
  Menkaure (D:4)
  A water moccasin (D:5)
  2 sky beasts (D:7)
  A black bear (D:6)
  2 centaurs (D:7)
  A lemure (D:5)
  A kobold brigand (D:6)
  A phantom (D:6)
  A bullfrog (D:7)
  Blork the orc (D:4)
  3 scorpions
  6 killer bees (D:7)
  A jelly (D:4)
  4 hounds
  2 orc priests (D:3)
  3 gnoll boudas
  Ijyb (D:5)
  3 iguanas
  An orc wizard (D:3)
  17 gnolls
  6 adders
  A white imp (D:4)
  An ufetubus (D:5)
  3 worms
  2 dart slugs
  13 orcs
  9 endoplasms
  3 giant cockroaches
  12 goblins
  13 hobgoblins
  2 jackals (D:2)
  3 quokkas
  7 ball pythons
  3 bats
  4 frilled lizards
  17 kobolds
  7 rats
163 creatures vanquished.

Notes
Turn   | Place    | Note
-------+----------+-------------------------------------------
     0 | D:1      | qw the Gargoyle Hunter began the quest for the Orb.
     0 | D:1      | Reached XP level 1. HP: 12/12 MP: 1/1
     0 | D:1      | 0 ||| qw: Version: 0.3-a-74-g0d5e918
     0 | D:1      | 0 ||| qw: Game counter: 32
     0 | D:1      | 0 ||| qw: Melee chars always use a shield: true
     0 | D:1      | 0 ||| qw: God list: Okawaru
     0 | D:1      | 0 ||| qw: Allow faded altars: false
     0 | D:1      | 0 ||| qw: Do Orc after clearing Dungeon:15 true
     0 | D:1      | 0 ||| qw: Do second Lair branch before Depths: true
     0 | D:1      | 0 ||| qw: Lair rune preference: random
     0 | D:1      | 0 ||| qw: Goals: Normal
     0 | D:1      | 0 ||| PLANNING D:1-11
    85 | D:1      | Reached XP level 2. HP: 17/17 MP: 2/2
   710 | D:1      | Reached XP level 3. HP: 15/21 MP: 3/3
   854 | D:1      | 854 ||| READING scroll labelled NUOGEA MUPTI.
   855 | D:1      | 855 ||| READING scroll labelled VUKHOE UPRURA.
   856 | D:1      | 856 ||| READING scroll labelled HEEPTEIRGHU.
   860 | D:1      | 860 ||| READING scroll labelled YRAUSM BOME.
   861 | D:1      | 861 ||| DROPPING scroll of butterflies.
   912 | D:2      | 912 ||| FLEEEEING.
   916 | D:2      | Reached skill level 5 in Ranged Weapons
  1167 | D:2      | Reached skill level 3 in Fighting
  1167 | D:2      | Reached XP level 4. HP: 28/28 MP: 4/4
  1624 | D:2      | 1624 ||| UPGRADING to +0 ring mail.
  1634 | D:2      | 1634 ||| DROPPING +0 leather armour.
  1635 | D:2      | 1635 ||| READING scroll labelled ERUEHO SOTREZ.
  1673 | D:3      | Reached skill level 1 in Armour
  1674 | D:3      | 1674 ||| FLEEEEING.
  1684 | D:3      | 1684 ||| STAIRDANCE
  1811 | D:3      | Found a glowing golden altar of the Shining One.
  1858 | D:3      | Found a shimmering altar of Xom.
  1887 | D:3      | Reached XP level 5. HP: 23/32 MP: 5/5
  2190 | D:3      | Reached skill level 6 in Ranged Weapons
  2217 | D:3      | Found an iron altar of Okawaru.
  2257 | D:3      | 2257 ||| PLANNING OKAWARU WORSHIP
  2257 | D:3      | 2257 ||| DRINKING 2 sapphire potions.
  2274 | D:3      | Became a worshipper of Warmaster Okawaru
  2275 | D:3      | 2275 ||| PLANNING D:1-11
  2348 | D:3      | Identified the +5 mace "Urogulin" {freeze, rN+ Dex+5 SInv}
  2371 | D:3      | Found a snail-covered altar of Cheibriados.
  2371 | D:3      | Found a burning altar of Makhleb.
  2374 | D:3      | Found a sacrificial altar of Ru.
  2375 | D:3      | Found a hide-covered altar of Uskayaw.
  2417 | D:3      | Noticed Grinder
  2430 | D:3      | Killed Grinder
  2430 | D:3      | Reached * piety under Okawaru
  2431 | D:3      | Reached XP level 6. HP: 15/40 MP: 6/6
  2656 | D:3      | Found a faded altar of an unknown god.
  2704 | D:3      | Noticed Sigmund
  2705 | D:3      | 2705 ||| INVOKING Heroism.
  2716 | D:3      | 2716 ||| INVOKING Heroism.
  2717 | D:3      | 2717 ||| INVOKING Heroism.
  2728 | D:3      | 2728 ||| INVOKING Heroism.
  2729 | D:3      | Killed Sigmund
  2730 | D:3      | Reached XP level 7. HP: 34/44 MP: 2/8
  2898 | D:3      | 2898 ||| UPGRADING to +2 robe of fire resistance.
  2908 | D:3      | 2908 ||| DROPPING +0 ring mail.
  2942 | D:4      | 2942 ||| STAIRDANCE
  2984 | D:4      | 2984 ||| INVOKING Heroism.
  2999 | D:4      | 2999 ||| FLEEEEING.
  3000 | D:4      | 3000 ||| FLEEEEING.
  3001 | D:4      | 3001 ||| FLEEEEING.
  3002 | D:4      | 3002 ||| FLEEEEING.
  3081 | D:4      | 3081 ||| READING scroll labelled IQOAHEM ZEGOIS.
  3086 | D:4      | 3086 ||| STAIRDANCE
  3133 | D:4      | Noticed Blork the orc
  3134 | D:4      | 3134 ||| INVOKING Heroism.
  3142 | D:4      | Killed Blork the orc
  3226 | D:4      | Reached skill level 7 in Ranged Weapons
  3253 | D:4      | 3253 ||| READING scroll labelled GINUCW WINGUHE.
  3254 | D:4      | 3254 ||| READING scroll labelled KIETAX OMIG.
  3257 | D:4      | 3257 ||| STAIRDANCE
  3258 | D:3      | Found an ancient bone altar of Kikubaaqudgha.
  3403 | D:4      | Found a runed translucent door.
  3404 | D:4      | Noticed Crazy Yiuf
  3442 | D:4      | Reached skill level 3 in Invocations
  3458 | D:4      | Noticed Menkaure
  3459 | D:4      | 3459 ||| Stepping ~*~*~tactically~*~*~ (outnumbered).
  3461 | D:4      | 3461 ||| Stepping ~*~*~tactically~*~*~ (outnumbered).
  3463 | D:4      | 3463 ||| INVOKING Heroism.
  3469 | D:4      | Killed Menkaure
  3470 | D:4      | Reached XP level 8. HP: 35/50 MP: 7/10
  3679 | D:4      | 3679 ||| READING 3 scrolls of identify.
  3679 | D:4      | 3679 ||| IDENTIFYING cyan potion
  3680 | D:4      | 3680 ||| READING 2 scrolls of identify.
  3680 | D:4      | 3680 ||| IDENTIFYING sedimented emerald potion
  3681 | D:4      | 3681 ||| DROPPING potion of invisibility.
  3682 | D:4      | 3682 ||| DROPPING potion of brilliance.
  3701 | D:5      | Entered Level 5 of the Dungeon
  3757 | D:5      | 3757 ||| FLEEEEING.
  3761 | D:5      | 3761 ||| FLEEEEING.
  3762 | D:5      | 3762 ||| FLEEEEING.
  3807 | D:5      | Noticed Ijyb
  3808 | D:5      | 3808 ||| INVOKING Heroism.
  3830 | D:5      | Killed Ijyb
  3890 | D:5      | Noticed Pikel
  3890 | D:5      | 3890 ||| RETREATING.
  3894 | D:5      | 3894 ||| Stepping ~*~*~tactically~*~*~ (retreating).
  3896 | D:5      | 3896 ||| Stepping ~*~*~tactically~*~*~ (retreating).
  3897 | D:5      | 3897 ||| Stepping ~*~*~tactically~*~*~ (retreating).
  3900 | D:5      | 3900 ||| INVOKING Heroism.
  3918 | D:5      | Killed Pikel
  3919 | D:5      | Reached skill level 9 in Ranged Weapons
  3985 | D:5      | 3985 ||| READING scroll of brand weapon.
  3985 | D:5      | 3985 ||| BRANDING +0 shortbow of freezing.
  4004 | D:5      | Found a staircase to the Ecumenical Temple.
  4048 | D:5      | Reached skill level 6 in Fighting
  4354 | D:5      | Found an ornate altar of the Wu Jian Council.
  4354 | D:5      | Found a shimmering blue altar of Sif Muna.
  4369 | D:5      | Noticed Prince Ribbit
  4370 | D:5      | 4370 ||| INVOKING Heroism.
  4375 | D:5      | Killed Prince Ribbit
  4376 | D:5      | Reached XP level 9. HP: 55/55 MP: 9/12
  4601 | D:5      | 4601 ||| READING 3 scrolls labelled UZOKHL HOEGRESAOHU.
  4602 | D:5      | 4602 ||| READING scroll labelled VIOTRO GYACOI.
  4603 | D:5      | 4603 ||| READING 2 scrolls of identify.
  4603 | D:5      | 4603 ||| IDENTIFYING viscous inky potion
  4604 | D:5      | 4604 ||| DROPPING 2 scrolls of fear.
  4621 | D:6      | 4621 ||| STAIRDANCE
  4725 | D:6      | Found Iplecem's Magic Scroll Boutique.
  4730 | D:6      | Reached skill level 10 in Ranged Weapons
  4735 | D:6      | 4735 ||| BUYING 3 scrolls of teleportation (126 gold).
  4735 | D:6      | Bought 3 scrolls of teleportation for 126 gold pieces
  4735 | D:6      | 4735 ||| BUYING scroll of brand weapon (133 gold).
  4735 | D:6      | Bought a scroll of brand weapon for 133 gold pieces
  4735 | D:6      | 4735 ||| BUYING scroll of identify (28 gold).
  4735 | D:6      | Bought a scroll of identify for 28 gold pieces
  4735 | D:6      | 4735 ||| BUYING scroll of identify (28 gold).
  4735 | D:6      | Bought a scroll of identify for 28 gold pieces
  4841 | D:6      | 4841 ||| Stepping ~*~*~tactically~*~*~ (outnumbered).
  4853 | D:6      | 4853 ||| Stepping ~*~*~tactically~*~*~ (outnumbered).
  4854 | D:6      | 4854 ||| Stepping ~*~*~tactically~*~*~ (outnumbered).
  4856 | D:6      | Reached skill level 3 in Dodging
  4858 | D:6      | 4858 ||| INVOKING Heroism.
  4903 | D:6      | Found Rug Joti's Weapon Shoppe.
  4911 | D:6      | 4911 ||| SHOPLISTING +0 orcbow (35 gold, have 28).
  4987 | D:6      | Found Goyff's Armour Boutique.
  4995 | D:6      | 4995 ||| SHOPLISTING +0 pair of gloves (49 gold, have 28).
  5121 | D:6      | 5121 ||| INVOKING Heroism.
  5344 | D:6      | 5344 ||| UPGRADING to +0 pair of boots.
  5349 | D:6      | 5349 ||| READING 2 scrolls of enchant armour.
  5349 | D:6      | 5349 ||| ENCHANTING +0 pair of boots.
  5350 | D:6      | 5350 ||| READING scroll of enchant armour.
  5350 | D:6      | 5350 ||| ENCHANTING +1 pair of boots.
  5351 | D:6      | 5351 ||| UPGRADING to ring of resist corrosion.
  5352 | D:6      | 5352 ||| DROPPING +6 ring of intelligence.
  5353 | D:6      | 5353 ||| READING scroll labelled OHAORY IFOQA.
  5454 | D:6      | 5454 ||| READING 2 scrolls labelled REUV KILEG.
  5455 | D:6      | 5455 ||| READING scroll labelled VEOCOSECZO.
  5456 | D:6      | 5456 ||| READING 3 scrolls of identify.
  5456 | D:6      | 5456 ||| IDENTIFYING bubbling sapphire potion
  5457 | D:6      | 5457 ||| READING 2 scrolls of identify.
  5457 | D:6      | 5457 ||| IDENTIFYING inky potion
  5458 | D:6      | 5458 ||| DROPPING scroll of immolation.
  5518 | D:7      | 5518 ||| INVOKING Heroism.
  5590 | D:7      | Found a stormy altar of Qazlal.
  5626 | D:7      | 5626 ||| SWAPPING to +0 orcbow.
  5627 | D:7      | 5627 ||| DROPPING +0 heavy shortbow.
  5628 | D:7      | 5628 ||| READING scroll of brand weapon.
  5628 | D:7      | 5628 ||| BRANDING +0 orcbow.
  5876 | D:7      | Reached ** piety under Okawaru
  5920 | D:7      | 5920 ||| INVOKING Heroism.
  5997 | D:7      | Reached skill level 11 in Ranged Weapons
  6052 | D:7      | 6052 ||| READING scroll of brand weapon.
  6052 | D:7      | 6052 ||| BRANDING +0 orcbow of draining.
  6095 | D:7      | 6095 ||| INVOKING Heroism.
  6190 | D:7      | Found a bloodstained altar of Trog.
  6195 | D:7      | 6195 ||| Stepping ~*~*~tactically~*~*~ (outnumbered).
  6197 | D:7      | 6197 ||| Stepping ~*~*~tactically~*~*~ (outnumbered).
  6200 | D:7      | 6200 ||| Stepping ~*~*~tactically~*~*~ (outnumbered).
  6223 | D:7      | 6223 ||| RETREATING.
  6248 | D:7      | 6248 ||| Stepping ~*~*~tactically~*~*~ (retreating).
  6404 | D:7      | Noticed Jeremiah
  6409 | D:7      | 6409 ||| INVOKING Heroism.
  6416 | D:7      | 6416 ||| READING scroll labelled SEYXIESY NAIFF.
  6437 | D:7      | HP: 6/59 [Jeremiah/divine providence (16)]
  6438 | D:7      | 6438 ||| READING 5 scrolls of teleportation.
  6439 | D:7      | 6439 ||| DRINKING potion of heal wounds.
  6440 | D:7      | 6440 ||| INVOKING Heroism.
  6675 | D:7      | 6675 ||| FLEEEEING.
  6676 | D:7      | 6676 ||| FLEEEEING.
  6677 | D:7      | 6677 ||| FLEEEEING.
  6690 | D:7      | 6690 ||| FLEEEEING.
  6691 | D:7      | 6691 ||| FLEEEEING.
  6705 | D:7      | 6705 ||| FLEEEEING.
  6706 | D:7      | 6706 ||| FLEEEEING.
  6707 | D:7      | 6707 ||| FLEEEEING.
  6708 | D:7      | 6708 ||| FLEEEEING.
  6709 | D:7      | 6709 ||| FLEEEEING.
  6731 | D:7      | 6731 ||| INVOKING Heroism.
  6734 | D:7      | HP: 6/59 [Jeremiah/divine providence (10)]
  6735 | D:7      | 6735 ||| READING 4 scrolls of teleportation.
  6736 | D:7      | Slain by Jeremiah

Levels and vault maps discovered:
D:1:      spicycebolla_arrival_transporter_tutorial, layout_basic,
          grunt_decor_mini_mirrors, minmay_shallow_snake_nest
D:2:      layout_basic, serial_park_tiny_2, hangedman_decor_clover_reticule,
          roderic_lattice_a
D:3:      layout_basic, amcnicky_altar_gilded,
          nicolae_overflow_ecumenical_swirl, minitemple, tso_metal_star,
          general_overflow_altar, kennysheep_cross_room, uniq_sigmund,
          uniq_grinder
D:4:      layout_rooms, dk_noncrumbling_2, uniq_crazy_yiuf_cottage,
          uniq_menkaure, uniq_blork_the_orc
D:5:      layout_loops_cross, gammafunk_temple_overflow_elements,
          minmay_temple_entry_nine_rooms, uniq_pikel, uniq_prince_ribbit1,
          uniq_ijyb
D:6:      layout_basic, serial_shops, shop, shop, nicolae_shop_waterfront
D:7:      layout_basic, trog_hazing_becter, nicolae_qazlal_general_emergency,
          serial_corexii_hall, corexii_hall_statues_i, corexii_hall_statues_s,
          uniq_jeremiah

Skill      XL: |  1  2  3  4  5  6  7  8  9 |
---------------+----------------------------+-----
Ranged Weapons | 5 6 7 9 11 | 11.0
Fighting       | 3 5 6 8 |  8.0
Armour         | 1 |  1.8
Invocations    | 2 3 4 |  4.0
Dodging        | 2 3 |  3.0
Stealth        | |  1.1

Action                     |  1- 3 |  4- 6 |  7- 9 || total
---------------------------+-------+-------+-------++-------
   Fire: Shortbow          |   103 |   185 |   237 ||   525
         Orcbow            |       |       |    87 ||    87
 Invoke: Heroism           |       |     3 |    14 ||    17
    Use: Scroll            |     4 |     1 |    21 ||    26
         Potion            |       |     1 |     1 ||     2
 Armour: Leather armour    |     8 |     3 |       ||    11
         Ring mail         |       |    46 |     1 ||    47
         Robe              |       |       |    35 ||    35
  Dodge: Dodged            |    16 |    77 |   105 ||   198

Table legend:
 A = Non-vault XP
 B = Vault XP
 C = Vault XP percentage of total XP
 D = Non-vault monster count
 E = Vault monster count
 F = Vault count percentage of total count
                 A         B        C        D         E       F
            +---------+---------+-------+---------+---------+-------
      Total |    2751 |    1727 |  38.6 |     147 |      15 |   9.3
            +---------+---------+-------+---------+---------+-------
        D:1 |      33 |       2 |   5.7 |      18 |       2 |  10.0
        D:2 |      75 |       0 |   0.0 |      24 |       0 |   0.0
        D:3 |     182 |     520 |  74.1 |      27 |       2 |   6.9
        D:4 |     235 |     266 |  53.1 |      21 |       2 |   8.7
        D:5 |     314 |     929 |  74.7 |       9 |       3 |  25.0
        D:6 |     669 |       0 |   0.0 |      20 |       0 |   0.0
        D:7 |    1243 |      10 |   0.8 |      28 |       6 |  17.6
            +---------+---------+-------+---------+---------+-------
